 Dungeon Crawl Stone Soup version 0.22.1-2-g9c5b331383 (webtiles) character file.

9795 Peloso the Blocker (level 11, -5/95 HPs)
             Began as a Minotaur Fighter on Nov 23, 2018.
             Was a High Priest of Okawaru.
             Killed from afar by a deep elf knight (37 damage)
             ... with a shard of ice
             ... in a bailey.
             The game lasted 00:21:12 (8495 turns).

Peloso the Blocker (Minotaur Fighter)               Turns: 8495, Time: 00:21:12

Health: -5/95      AC: 19    Str: 26    XL:     11   Next: 27%
Magic:  8/10       EV: 11    Int:  5    God:    Okawaru [*****.]
Gold:   344        SH: 15    Dex: 11    Spells: 10/10 levels left

rFire    . . .     SeeInvis .   a - +1 long sword (flame)
rCold    . . .     Gourm    .   c - +0 shield
rNeg     . . .     Faith    .   v - +1 plate armour
rPois    .         Spirit   .   (helmet restricted)
rElec    .         Reflect  .   J - scarf {cloud immunity}
rCorr    .         Harm     .   j - +0 pair of gloves
MR       .....                  (no boots)
Stlth    ..........             C - amulet of magic regeneration
HPRegen  0.25/turn              z - ring of attention (curse)
MPRegen  0.37/turn              E - ring of Ineff {Str+3 Stlth-}

@: heroism
A: retaliatory headbutt, horns 2
a: Heroism, Finesse, Renounce Religion


You were in a bailey.
You worshipped Okawaru.
Okawaru was extremely pleased with you.
You were not hungry.

You visited 1 branch of the dungeon, and saw 10 of its levels.
You also visited: Bailey.

You collected 344 gold pieces.

Inventory:

Hand Weapons
 a - a +1 long sword of flaming (weapon)
Armour
 b - a +0 scale mail
 c - a +0 shield (worn)
 j - a +0 pair of gloves (worn)
 u - the +1 ring mail of the Foremost Runes {Stlth+, unknown}
   (Okawaru gifted it to you in a bailey)

   It makes you more stealthy.
 v - a +1 plate armour (worn)
 x - a +1 cloak
 J - a scarf of cloud immunity (worn)
Jewellery
 o - a +2 ring of dexterity
 q - an uncursed ring of ice
 z - a cursed ring of attention (left hand)
 C - an amulet of magic regeneration (around neck)
 E - the ring of Ineff (right hand) {Str+3 Stlth-}
   (You found it on level 9 of the Dungeon)

   [ring of attention]

   It affects your strength (+3).
   It makes you less stealthy.
Wands
 n - a wand of polymorph (10)
 F - a wand of digging (10)
 H - a wand of paralysis (10)
Scrolls
 e - 7 scrolls of remove curse
 g - 2 scrolls of magic mapping
 i - 3 scrolls of amnesia
 p - 5 scrolls of teleportation
 r - a scroll of enchant armour
 t - a scroll of fear
 y - a scroll of enchant weapon
 B - a scroll of noise
 D - 2 scrolls of identify
 I - a scroll of blinking
Potions
 h - 4 potions of brilliance
 k - a potion of heal wounds
 l - 3 potions of curing
 m - 3 potions of haste
 s - 2 potions of magic
 w - a potion of ambrosia
 A - 2 potions of berserk rage
 G - 3 potions of flight {unknown}
 K - a potion of mutation {unknown}
Comestibles
 d - 3 chunks of flesh
 f - 28 rations


   Skills:
 + Level 8.4(13.4) Fighting
 + Level 11.8(16.8) Long Blades
 + Level 9.9(14.9) Armour
 + Level 2.6(7.6) Dodging
 + Level 2.9(7.9) Stealth
 + Level 12.1(17.1) Shields
 + Level 0.8 Invocations
 + Level 0.4 Evocations


You had 10 spell levels left.
You didn't know any spells.
Your spell library contained the following spells:

 Spells                   Type           Power        Failure   Level  Hunger
 Infusion                 Chrm           #...         98%         1    ##.....
 Shroud of Golubria       Chrm/Tloc      #.........   99%         2    ###....
 Song of Slaying          Chrm           #.......     99%         2    ###....
 Regeneration             Chrm/Necr      #.........   100%        3    ####...
 Spectral Weapon          Hex/Chrm       #.......     100%        3    ####...


Dungeon Overview and Level Annotations

Branches:
Dungeon (10/15)            Temple (0/1) D:7             Orc (0/2) D:10
   Lair: D:8-11

Altars:
Cheibriados
Dithmenos
Elyvilon
Fedhas
Hepliaklqana
Okawaru
Qazlal
Ru
Trog
Uskayaw
Yredelemnul
The Shining One

Shops:
D:5 =   D:6 !


Innate Abilities, Weirdness & Mutations

You reflexively headbutt those who attack you in melee.
You have a pair of horns on your head.


Message History

You hear some strange, mumbled words.
You miss something. Something hits you but does no damage.
Your plate armour prevents you from hitting something.
Your headbutt misses something. Something hits you.
You completely miss something. Your headbutt misses something.
Something hits you. Something hits you!
You closely miss something. Something hits you!
You closely miss something. Something hits you but does no damage.
You completely miss something. Something hits you but does no damage.
You miss something. Something completely misses you.
You miss something. You headbutt something. Something hits you.
You hear some strange, mumbled words.
A shard of ice appears from out of thin air!
The shard of ice hits you!
You slash something! You burn something. You block something's attack.
You gain the combat prowess of a mighty hero.
You hear some strange, mumbled words.
A shard of ice appears from out of thin air!
The shard of ice hits you!
You die...

#####
######...######
##..##..∩..##..##
#....#.....#....#
#@...##...##....#
##{.######)##..##
#'##...###..)#####
.e##.....#.....##..
#...
#.....#..∩..#...
#..
#.....#.....#...
##.
##....#....###). #
#####)##### #)#
##....#....###).


There were no monsters in sight!

Vanquished Creatures
  A two-headed ogre (D:9)
  10 deep elf magi (Bailey)
  Grinder (D:6)
  A hippogriff (D:7)
  Sigmund (D:2)
  A spriggan (D:9)
  A hungry ghost (D:9)
  Grum (D:8)
  A water moccasin (D:10)
  Duvessa (D:5)
  3 orc warriors
  2 sky beasts
  An ice beast (D:9)
  A black bear (D:8)
  3 phantoms
  2 wolves (D:8)
  3 ogres
  2 necrophages
  3 centaurs
  A big kobold (D:10)
  3 bullfrogs
  3 gnoll sergeants (D:9)
  Dowan (D:5)
  A scorpion (D:8)
  5 wights (D:6)
  5 howler monkeys
  2 crimson imps
  2 bullfrog zombies
  9 hounds
  Crazy Yiuf (D:6)
  Terence (D:2)
  2 gnoll shamans (D:9)
  5 iguanas
  Ijyb (D:3)
  8 orc wizards
  5 worker ants
  A hound zombie (D:5)
  A hound skeleton (D:6)
  A worker ant zombie (D:5)
  17 gnolls
  10 adders
  An ooze (D:1)
  An adder skeleton (D:5)
  2 adder zombies (D:9)
  A worm (D:3)
  A dart slug (D:5)
  5 leopard geckos
  23 orcs
  3 ball pythons
  8 giant cockroaches
  7 goblins
  7 hobgoblins
  11 jackals
  4 quokkas
  9 bats
  4 frilled lizards
  16 kobolds
  2 leopard gecko skeletons (D:5)
  2 quokka skeletons
  11 rats
242 creatures vanquished.

Notes
Turn   | Place    | Note
-------+----------+-------------------------------------------
     0 | D:1      | Peloso the Minotaur Fighter began the quest for the Orb.
     0 | D:1      | Reached XP level 1. HP: 19/19 MP: 0/0
   159 | D:1      | Reached XP level 2. HP: 27/27 MP: 1/1
   370 | D:1      | Reached XP level 3. HP: 33/33 MP: 2/2
   558 | D:1      | Reached skill level 4 in Shields
   884 | D:2      | Noticed Sigmund
  1041 | D:2      | Noticed Terence
  1047 | D:2      | Killed Sigmund
  1047 | D:2      | Reached skill level 5 in Armour
  1047 | D:2      | Reached skill level 5 in Shields
  1047 | D:2      | Reached XP level 4. HP: 41/41 MP: 3/3
  1047 | D:2      | Reached XP level 5. HP: 47/47 MP: 4/4
  1053 | D:2      | Killed Terence
  1053 | D:2      | Reached skill level 1 in Dodging
  1164 | D:2      | Reached XP level 6. HP: 52/53 MP: 5/5
  1312 | D:2      | Found a basalt altar of Yredelemnul.
  1445 | D:2      | Found a hazy altar of Hepliaklqana.
  2225 | D:3      | Noticed Ijyb
  2298 | D:3      | Killed Ijyb
  2425 | D:3      | Reached XP level 7. HP: 31/60 MP: 6/6
  2694 | D:4      | Reached skill level 5 in Long Blades
  2700 | D:4      | Reached skill level 6 in Shields
  2988 | D:4      | Found a blossoming altar of Fedhas.
  3320 | D:5      | Entered Level 5 of the Dungeon
  3366 | D:5      | Noticed Dowan
  3367 | D:5      | Noticed Duvessa
  3389 | D:5      | Killed Duvessa
  3389 | D:5      | Reached skill level 5 in Fighting
  3413 | D:5      | Killed Dowan
  3468 | D:5      | Found a white marble altar of Elyvilon.
  3505 | D:5      | Found a sacrificial altar of Ru.
  3544 | D:5      | Reached skill level 7 in Shields
  3544 | D:5      | Reached XP level 8. HP: 68/68 MP: 7/7
  3588 | D:5      | Found Ygenuotu's Jewellery Boutique.
  3652 | D:5      | Found a bloodstained altar of Trog.
  3653 | D:5      | Found an iron altar of Okawaru.
  3667 | D:5      | Became a worshipper of Warmaster Okawaru
  4169 | D:6      | Found a shadowy altar of Dithmenos.
  4334 | D:6      | Reached skill level 8 in Shields
  4338 | D:6      | Reached * piety under Okawaru
  4379 | D:6      | Found Tuacs's Distillery.
  4453 | D:6      | Noticed Grinder
  4466 | D:6      | Killed Grinder
  4923 | D:6      | Found a runed door.
  4927 | D:6      | Noticed Crazy Yiuf
  4931 | D:6      | Killed Crazy Yiuf
  4931 | D:6      | Reached XP level 9. HP: 69/75 MP: 8/8
  4972 | D:6      | Found a glowing golden altar of the Shining One.
  4973 | D:6      | Found a snail-covered altar of Cheibriados.
  5112 | D:6      | Found a basalt altar of Yredelemnul.
  5200 | D:7      | Reached ** piety under Okawaru
  5474 | D:7      | Found a sacrificial altar of Ru.
  5490 | D:7      | Reached skill level 9 in Shields
  5571 | D:7      | Found a staircase to the Ecumenical Temple.
  6305 | D:9      | Reached *** piety under Okawaru
  6305 | D:9      | Reached skill level 10 in Long Blades
  6306 | D:9      | Noticed Grum
  6364 | D:8      | Killed Grum
  6364 | D:8      | Reached XP level 10. HP: 18/84 MP: 9/9
  6367 | D:8      | Reached skill level 10 in Shields
  6985 | D:8      | Reached **** piety under Okawaru
  7278 | D:9      | Found a stormy altar of Qazlal.
  7281 | D:9      | Noticed a two-headed ogre
  7296 | D:9      | Killed a two-headed ogre
  7296 | D:9      | Reached skill level 1 in Stealth
  7297 | D:9      | Found a hide-covered altar of Uskayaw.
  7330 | D:9      | Got a brightly glowing pewter ring
  7332 | D:9      | Identified the ring of Ineff {Str+3 Stlth-} (You found it
                  | on level 9 of the Dungeon)
  7557 | D:10     | Entered Level 10 of the Dungeon
  7618 | D:10     | Reached skill level 11 in Shields
  7636 | D:10     | Found a flagged portal.
  7643 | Bailey   | Entered a bailey
  7648 | Bailey   | Noticed a deep elf mage
  7650 | Bailey   | Killed a deep elf mage
  7650 | Bailey   | Reached ***** piety under Okawaru
  7762 | Bailey   | Noticed a deep elf mage
  7763 | Bailey   | Noticed a deep elf mage
  7763 | Bailey   | Noticed a deep elf mage
  7763 | Bailey   | Noticed a deep elf mage
  7763 | Bailey   | Noticed a deep elf mage
  7763 | Bailey   | Noticed a deep elf mage
  7772 | Bailey   | Killed a deep elf mage
  7779 | Bailey   | Killed a deep elf mage
  7782 | Bailey   | Killed a deep elf mage
  7782 | Bailey   | Received a gift from Okawaru
  7798 | Bailey   | Killed a deep elf mage
  7798 | Bailey   | Reached XP level 11. HP: 35/94 MP: 8/10
  7808 | Bailey   | Killed a deep elf mage
  8069 | Bailey   | Killed a deep elf mage
  8075 | Bailey   | Got a jade-encrusted ring mail {god gift}
  8290 | Bailey   | Noticed a deep elf mage
  8290 | Bailey   | Noticed a deep elf mage
  8290 | Bailey   | Noticed a deep elf mage
  8295 | Bailey   | Killed a deep elf mage
  8301 | Bailey   | Killed a deep elf mage
  8301 | Bailey   | Reached skill level 12 in Shields
  8303 | Bailey   | Killed a deep elf mage
  8478 | Bailey   | Noticed a deep elf knight
  8495 | Bailey   | Killed from afar by a deep elf knight

Skill      XL: |  1  2  3  4  5  6  7  8  9 10 11 |
---------------+----------------------------------+-----
Armour         | 4 5 6 7 8 9 |  9.9
Fighting       | 4 5 7 8 |  8.4
Shields        | 5 7 8 9 11 12 | 12.1
Long Blades    | 4 6 8 10 11 | 11.8
Dodging        | 1 2 |  2.6
Stealth        | 2 |  2.9
Invocations    | |  0.8
Evocations     | |  0.4

Action                   |  1- 3 |  4- 6 |  7- 9 | 10-12 || total
-------------------------+-------+-------+-------+-------++-------
Melee: Long sword        |    90 |   151 |   287 |   175 ||   703
       Headbutt          |    13 |    28 |    93 |    47 ||   181
       Unarmed           |       |     8 |       |       ||     8
       Falchion          |       |       |    68 |       ||    68
Invok: Heroism           |       |       |       |     3 ||     3
       Finesse           |       |       |       |     1 ||     1
Evoke: Wand              |       |       |       |     2 ||     2
  Use: Potion            |     1 |     1 |       |     3 ||     5
       Scroll            |       |     6 |    13 |     2 ||    21
 Stab: Paralysed         |       |       |       |     5 ||     5
  Eat: Chunk             |       |     5 |    12 |     9 ||    26
Armor: Chain mail        |    55 |   103 |       |       ||   158
       Scale mail        |     3 |       |       |       ||     3
       Plate armour      |       |       |   162 |    80 ||   242
Dodge: Dodged            |    25 |    42 |    78 |    59 ||   204
Block: Shield            |    47 |   113 |   205 |   136 ||   501
       Rpst.: Long sword |     3 |    11 |    18 |    22 ||    54
       Falchion          |       |       |     4 |       ||     4
